 Dungeon Crawl Stone Soup version 0.24.0-123-gd5b16e6ec5 (webtiles) character file.

Game seed: 9964300195090170014, levelgen mode: deterministic

107 FluffGlitter the Chiller (level 4, -10/30 HPs)
             Began as a Demonspawn Ice Elementalist on Jan 12, 2020.
             Killed from afar by Ijyb (12 damage)
             ... with a bolt of acid
             ... on level 3 of the Dungeon.
             The game lasted 00:21:06 (2765 turns).

FluffGlitter the Chiller (DsIE)                     Turns: 2765, Time: 00:21:06

Health: -10/30     AC:  4    Str:  9    XL:     4   Next: 57%
Magic:  5/7        EV: 13    Int: 17    God:
Gold:   141        SH:  0    Dex: 13    Spells: 2/8 levels left

rFire    . . .     SeeInvis .   a - +2 whip (venom)
rCold    . . .     Gourm    .   (no shield)
rNeg     . . .     Faith    .   g - +0 robe
rPois    .         Spirit   .   (helmet restricted)
rElec    .         Reflect  .   (no cloak)
rCorr    .         Harm     .   (no gloves)
MR       .....                  (no boots)
Stlth    ++........             (no amulet)
HPRegen  0.10/turn              (no ring)
MPRegen  0.10/turn              (no ring)

@: no status effects
A: horns 1, molten scales 1
a: no special abilities


You were on level 3 of the Dungeon.
You were not hungry.

You visited 1 branch of the dungeon, and saw 3 of its levels.

You collected 141 gold pieces.

Inventory:

Hand Weapons
 a - a +2 whip of venom (weapon)
   (You found it on level 2 of the Dungeon)
Missiles
 h - 66 stones (quivered)
Armour
 b - a +0 pair of gloves
   (You found it on level 2 of the Dungeon)
 g - a +0 robe (worn)
 n - a +0 pair of gloves
   (You found it on level 2 of the Dungeon)
Scrolls
 c - 2 scrolls of identify {unknown}
 d - a scroll of random uselessness {unknown}
 f - a scroll of enchant armour {unknown}
 l - a scroll of amnesia {unknown}
 m - 2 scrolls of teleportation {unknown}
Potions
 i - a potion of curing {unknown}
 k - a potion of degeneration {unknown}
 o - a potion of flight {unknown}
Comestibles
 e - a ration {!d}


   Skills:
 + Level 1.3 Maces & Flails
 + Level 2.4 Dodging
 + Level 2.7 Stealth
 + Level 2.6 Spellcasting
 - Level 1.0 Conjurations
 + Level 3.2 Ice Magic


You had 2 spell levels left.
You knew the following spells:

 Your Spells              Type           Power        Failure   Level  Hunger
a - Freeze                Ice            ##..         4%          1    #......
b - Throw Frost           Conj/Ice       #.....       12%         2    ##.....
c - Ozocubu's Armour      Chrm/Ice       #.......     28%         3    ###....

Your spell library contained the following spells:

 Spells                   Type           Power        Failure   Level  Hunger
 Throw Icicle             Conj/Ice       #.......     58%         4    #####..
 Summon Ice Beast         Ice/Summ       #.......     67%         4    #####..


Dungeon Overview and Level Annotations

Branches:
Dungeon (3/15)

Altars:

Annotations:
D:3 Ijyb, Sigmund


Innate Abilities, Weirdness & Mutations

You have a pair of small horns on your head.
You are partially covered in molten scales. (AC +2)


Message History

The worm bites you but does no damage.
You hit the worm.
You kill the worm!
You start resting.
You start resting.
Memorise Ozocubu's Armour, consuming 3 spell levels and leaving 2?
You start memorising the spell.
You continue memorising. x3
You finish memorising.
Spell assigned to 'c'.
Okay, then.
You open the door.
Found 13 gold pieces.
There is an open door here.
You now have 141 gold pieces (gained 13).
You open the door.
A bat comes into view.
The bat hits you but does no damage. The bat misses you.
You hit the bat.
You kill the bat!
There is an open door here.
Ijyb the Twisted Goblin comes into view.
She is wielding a +0 club and carrying a wand of acid (7).
Okay, then.
Throwing (i - inventory)
h - 69 stones (quivered)
Aim: Ijyb, wielding a +0 club, wearing a +0 leather armour and carrying a wand of acid (7) (resting)
You throw a stone. The stone hits Ijyb.
Ijyb shouts!
Throwing (i - inventory)
h - 68 stones (quivered)
Aim: Ijyb, wielding a +0 club, wearing a +0 leather armour and carrying a wand of acid (7) (lightly wounded)
You throw a stone. The stone closely misses Ijyb.
Throwing (i - inventory)
h - 67 stones (quivered)
Aim: Ijyb, wielding a +0 club, wearing a +0 leather armour and carrying a wand of acid (7) (lightly wounded)
You throw a stone. The stone hits Ijyb but does no damage.
A film of ice covers your body!
Ijyb zaps a wand.
The bolt of acid hits you!
Ouch! That really hurt!
* * * LOW HITPOINT WARNING * * *
You are splashed with acid!
* * * LOW HITPOINT WARNING * * *
Okay, then.
Okay, then.
Your icy armour cracks and falls away as you move.
Ijyb zaps a wand.
The bolt of acid misses you.
There is an open door here.
Unknown command.
You close the door.
There is an open door here.
Ijyb zaps a wand.
The bolt of acid hits you!
You die...

########################
........................
#.####.########........
#.## #@# #........
...#.# #.......[
#.#'##### #........
#.......# #........
#.......# #........
#..g....# #........
#.......# #........
#.....### ######'##
###.#.# #######.#


You could see Ijyb.

Vanquished Creatures
  Jessica (D:2)
  3 adders (D:2)
  An ooze (D:2)
  2 worms
  2 dart slugs
  2 leopard geckos (D:2)
  5 bats
  3 goblins (D:1)
  6 hobgoblins
  4 jackals (D:2)
  4 kobolds (D:2)
  3 frilled lizards
  5 rats
  A plant (D:1)
42 creatures vanquished.

Notes
Turn   | Place    | Note
-------+----------+-------------------------------------------
     0 | D:1      | FluffGlitter the Demonspawn Ice Elementalist began the
                  | quest for the Orb.
     0 | D:1      | Reached XP level 1. HP: 13/13 MP: 3/3
   526 | D:1      | Gained mutation: You have a pair of small horns on your
                  | head. [demonic ancestry]
   526 | D:1      | Reached XP level 2. HP: 19/19 MP: 1/5
   652 | D:1      | Learned a level 2 spell: Throw Frost
  1276 | D:2      | Reached skill level 3 in Ice Magic
  1276 | D:2      | Gained mutation: You are partially covered in molten
                  | scales. (AC +2) [demonic ancestry]
  1276 | D:2      | Reached XP level 3. HP: 24/24 MP: 1/6
  1351 | D:2      | Noticed Jessica
  1360 | D:2      | Killed Jessica
  1575 | D:2      | Reached skill level 1 in Maces & Flails
  1634 | D:2      | Reached XP level 4. HP: 24/30 MP: 5/7
  2576 | D:3      | Noticed Sigmund
  2727 | D:3      | Learned a level 3 spell: Ozocubu's Armour
  2749 | D:3      | Noticed Ijyb
  2753 | D:3      | HP: 1/30 [acid (13)]
  2765 | D:3      | Killed from afar by Ijyb

Levels and vault maps discovered:
D:1:      lightli_molten_gateway, layout_rooms, st_stairs_13,
          serial_bayou_lagoon_a
D:2:      minmay_spotlight, layout_basic, first_ration, uniq_jessica
D:3:      layout_basic, uniq_ijyb, uniq_sigmund

Skill      XL: |  1  2  3 |
---------------+----------+-----
Stealth        | 2 |  2.7
Dodging        | 2 |  2.4
Ice Magic      | 3 |  3.2
Maces & Flails | 1 |  1.3
Spellcasting   | |  2.6
Conjurations   | |  1.0

Action                   |  1- 3 |  4- 6 || total
-------------------------+-------+-------++-------
Melee: Unarmed           |     8 |       ||     8
       Whip              |    45 |    20 ||    65
       Headbutt          |     8 |     5 ||    13
Throw: Stone             |       |     3 ||     3
 Cast: Freeze            |    15 |     5 ||    20
       Throw Frost       |    12 |    11 ||    23
       Ozocubu's Armour  |       |     1 ||     1
 Stab: Sleeping          |     1 |     1 ||     2
  Eat: Chunk             |     1 |     3 ||     4
       Ration            |     1 |       ||     1
Armor: Robe              |     6 |     9 ||    15
Dodge: Dodged            |    30 |    17 ||    47
